 Dungeon Crawl Stone Soup version 0.30.0-17-ge0270778cf (webtiles) character file.

Game seed: 5082046956643599537

88 gelatine the Firebug (level 4, 0/32 HPs)
             Began as a Demonspawn Fire Elementalist on May 21, 2023.
             Slain by Terence
             ... wielding a +0 hand axe
              (2 damage)
             ... on level 2 of the Dungeon.
             The game lasted 00:03:50 (1180 turns).

gelatine the Firebug (Demonspawn Fire Elementalist) Turns: 1180, Time: 00:03:51

Health: 0/32       AC:  2    Str:  9    XL:     4   Next: 29%
Magic:  2/7        EV: 17    Int: 18    God:
Gold:   32         SH:  0    Dex: 13    Spells: 4/7 levels left

rFire   . . .        d - +0 mace
rCold   . . .        (no shield)
rNeg    . . .        a - +0 robe
rPois   .            (no helmet)
rElec   .            (no cloak)
rCorr   .            (no gloves)
SInv    .            (no boots)
Will    .....        (no amulet)
Stlth   ++           (no ring)
HPRegen 0.25/turn    (no ring)
MPRegen 0.10/turn

%: no passive effects
@: agile
A: powered by pain 2, weakness stinger 1
a: no special abilities


You were on level 2 of the Dungeon.
You visited 1 branch of the dungeon, and saw 2 of its levels.

You collected 32 gold pieces.

Inventory:

Hand Weapons
 d - a +0 mace (weapon)
Armour
 a - a +0 robe (worn)
Jewellery
 e - an amulet of guardian spirit
Scrolls
 f - a scroll of enchant armour {unknown}
 h - 2 scrolls of identify {unknown}
 i - a scroll of magic mapping {unknown}
 j - a scroll of noise {unknown}
Potions
 b - a potion of magic
 c - a potion of might {unknown}
 g - a potion of ambrosia {unknown}
 k - a potion of mutation {unknown}


   Skills:
 * Level 1.3 Fighting
 + Level 1.3 Maces & Flails
 * Level 2.3 Dodging
 + Level 2.0 Stealth
 + Level 2.2 Spellcasting
 + Level 1.0 Conjurations
 * Level 3.4 Fire Magic


You had 4 spell levels left.
You knew the following spells:

 Your Spells              Type           Power      Damage    Failure   Level
a - Foxfire               Conj/Fire      40%        2x1d6     7%          1
b - Scorch                Fire           28%        2d6       7%          2

Your spell library contained the following spells:

 Spells                   Type           Power      Damage    Failure   Level
 Inner Flame              Hex/Fire       8%         N/A       26%         3
 Volatile Blastmotes      Fire/Tloc      16%        2d11      26%         3
 Flame Wave               Conj/Fire      10%        2d6       56%         4


Dungeon Overview and Level Annotations

Branches:
Dungeon (2/15)

Altars:

Annotations:
D:2 Terence


Innate Abilities, Weirdness & Mutations

You sometimes gain power by taking damage.
You have a small tail.


Message History

Terence barely misses you.
You closely miss Terence.
Terence is severely wounded.
Terence hits you with a +0 hand axe!
* * * LOW HITPOINT WARNING * * *
You hit Terence but do no damage.
Terence is severely wounded.
Terence completely misses you. Terence hits you with a +0 hand axe.
* * * LOW HITPOINT WARNING * * *
You hit Terence but do no damage.
You tail-slap Terence, but do no damage.
Terence is severely wounded.
Terence closely misses you.
You hit Terence.
Terence is severely wounded.
Terence closely misses you.
You hit Terence but do no damage.
Terence is severely wounded.
Terence misses you.
You hit Terence.
Terence is almost dead.
Terence closely misses you. Terence barely misses you.
You hit Terence but do no damage.
Terence is severely wounded.
Terence misses you.
You barely miss Terence.
Terence is severely wounded.
Terence barely misses you. Terence closely misses you.
You closely miss Terence.
Terence is severely wounded.
Terence hits you with a +0 hand axe.
* * * LOW HITPOINT WARNING * * *
You barely miss Terence.
Terence is severely wounded.
Terence shouts, "Get ready for death!"
Terence closely misses you.
You completely miss Terence.
Terence is severely wounded.
Terence completely misses you. Terence hits you with a +0 hand axe.
You die...

......#.....#.........#
........................
...........##...........
.........................
.........................
#...##.......###....#...
#...........###....#
#........†<.##..##.##
##......@@.).###..#
#.........######.# .
##...............######.
#........######.........
#........# ######...[
#........##### ####.
##...........#
##..........#
##.........#


You could see Terence.

Vanquished Creatures
  Jessica (D:2)
  An adder (D:2)
  4 dart slugs (D:1)
  5 endoplasms (D:1)
  3 giant cockroaches
  A goblin (D:1)
  3 hobgoblins (D:1)
  6 jackals (D:1)
  3 kobolds (D:1)
  2 quokkas (D:1)
  3 ball pythons (D:1)
  3 bats
  A frilled lizard (D:1)
  8 rats
44 creatures vanquished.

Vanquished Creatures (others)
  93 foxfires
93 creatures vanquished.

Grand Total: 137 creatures vanquished

Notes
Turn   | Place    | Note
-------+----------+-------------------------------------------
     0 | D:1      | gelatine the Demonspawn Fire Elementalist began the quest
                  | for the Orb.
     0 | D:1      | Reached XP level 1. HP: 13/13 MP: 3/3
   118 | D:1      | Reached skill level 3 in Fire Magic
   179 | D:1      | Gained mutation: You have a small tail. [demonic ancestry]
   179 | D:1      | Reached XP level 2. HP: 20/20 MP: 0/5
   518 | D:1      | Learned a level 2 spell: Scorch
   609 | D:1      | Reached skill level 1 in Fighting
   609 | D:1      | Gained mutation: You sometimes gain a little power by
                  | taking damage. [demonic ancestry]
   609 | D:1      | Reached XP level 3. HP: 26/26 MP: 6/6
   629 | D:1      | Found a faded altar of an unknown god.
  1002 | D:2      | Reached skill level 1 in Maces & Flails
  1074 | D:2      | Noticed Jessica
  1079 | D:2      | Killed Jessica
  1080 | D:2      | Gained mutation: You sometimes gain power by taking damage.
                  | [demonic ancestry]
  1080 | D:2      | Reached XP level 4. HP: 32/32 MP: 2/7
  1139 | D:2      | Noticed Terence
  1178 | D:2      | HP: 1/32 [Terence/+0 hand axe (5)]
  1180 | D:2      | Slain by Terence

Illustrated notes

Levels and vault maps discovered:
D:1:      lemuel_arrival_rhombus, layout_rooms,
          shapermc_ecumenical_altar_totnotflames, chequers_serial_rivers_room_b
D:2:      layout_rooms, uniq_sigmund, uniq_terence, uniq_jessica

Skill      XL: |  1  2  3 |
---------------+----------+-----
Fire Magic     | 3 |  3.4
Dodging        | 2 |  2.3
Fighting       | 1 |  1.3
Stealth        | 2 |  2.0
Maces & Flails | 1 |  1.3
Spellcasting   | |  2.2
Conjurations   | |  1.0

Action                     |  1- 3 |  4- 6 || total
---------------------------+-------+-------++-------
  Melee: Mace              |    50 |    17 ||    67
         Tailslap          |     5 |     3 ||     8
   Cast: Foxfire           |    48 |     7 ||    55
         Scorch            |     4 |     1 ||     5
 Armour: Robe              |    19 |       ||    19
  Dodge: Dodged            |    46 |    15 ||    61
